[ PARTIDA AOE2 · #495332790 ]
UnrankedMalayos vs Burgundians
Equipo del jugador · VICT
Equipo rival · DERR
[ ANÁLISIS DE REPETICIÓN · EXTRAÍDO DE LA PARTIDA GRABADA ]
Feudal
9:15
Castillos
19:51
Imperial
30:45
| APM promedio | 49.8 |
| APM pico | 94 |
| eAPM promedio | 23.1 |
| Aldeanos / militares | 123 / 89 |
Foco
⚔️ 32.9% · 🌾 67.1%
Archer ×55 · Spearman ×8 · Bombard Cannon ×8 · Mangonel ×6 · Trebuchet (Packed) ×5 · Monk ×4
Feudal
10:19
Castillos
23:21
Imperial
36:37
| APM promedio | 61.7 |
| APM pico | 112 |
| eAPM promedio | 22.2 |
| Aldeanos / militares | 106 / 72 |
Foco
⚔️ 33.5% · 🌾 66.5%
Skirmisher ×51 · Coustillier ×12 · Mangonel ×4 · Flemish Militia ×4 · Knight ×1
Mapa de la partida
Recursos iniciales + cada clic de construcción. Líneas = muros · curvas = relieve. ◆ oro · ⬟ piedra · ● bayas · ✦ reliquia · ◌ hueco del cierre
Tu base· ✓ Cerrada en 19:51 · 52t muro · 2 puerta(s)
Base de 挨打不还手· Abierta — flanco sin cerrar
Terreno inicial suavizado · ◌ = hueco del cierre detectado · pasá el cursor para detalles
Inputs por minuto
— Pandora_heart - - 挨打不还手
Build order — Pandora_heart
Primeras 150 de 390 acciones detectadas
| 0:01 | Crear | Villager (Male) ×4 |
| 0:02 | Construir | House |
| 0:03 | Construir | House |
| 1:23 | Crear | Villager (Male) |
| 2:01 | Crear | Villager (Male) |
| 2:01 | Crear | Villager (Male) |
| 2:02 | Crear | Villager (Male) |
| 2:03 | Construir | Lumber Camp |
| 2:24 | Crear | Villager (Male) |
| 2:25 | Crear | Villager (Male) |
| 2:55 | Crear | Villager (Male) |
| 2:55 | Crear | Villager (Male) |
| 3:28 | Crear | Villager (Male) |
| 3:28 | Crear | Villager (Male) |
| 4:00 | Crear | Villager (Male) |
| 4:00 | Crear | Villager (Male) |
| 4:04 | Construir | House |
| 4:30 | Construir | Mill |
| 4:33 | Crear | Villager (Male) |
| 4:34 | Crear | Villager (Male) |
| 4:35 | Crear | Villager (Male) |
| 4:58 | Crear | Villager (Male) |
| 4:59 | Crear | Villager (Male) |
| 5:18 | Construir | House |
| 6:17 | Crear | Villager (Male) |
| 6:24 | Crear | Villager (Male) |
| 6:58 | Crear | Villager (Male) |
| 7:06 | Construir | Lumber Camp |
| 7:19 | Construir | House |
| 7:25 | Investigar | Loom |
| 7:48 | Investigar | Feudal Age |
| 8:05 | Construir | Mining Camp |
| 8:09 | Construir | Palisade Wall |
| 8:57 | Construir | Barracks |
| 9:15 | Edad | Edad Feudal |
| 9:17 | Crear | Villager (Male) |
| 9:17 | Crear | Villager (Male) |
| 9:23 | Investigar | Double-Bit Axe |
| 9:43 | Construir | Archery Range |
| 9:46 | Crear | Spearman |
| 9:53 | Construir | House |
| 9:54 | Crear | Villager (Male) |
| 10:24 | Crear | Villager (Male) |
| 10:37 | Construir | Farm |
| 10:39 | Crear | Archer |
| 10:39 | Crear | Archer |
| 10:41 | Construir | Farm |
| 10:46 | Investigar | Horse Collar |
| 10:47 | Crear | Villager (Male) |
| 11:02 | Construir | Palisade Wall |
| 11:10 | Crear | Villager (Male) |
| 11:12 | Construir | Farm |
| 11:18 | Crear | Archer |
| 11:18 | Crear | Archer |
| 11:27 | Crear | Spearman |
| 11:31 | Construir | Farm |
| 11:34 | Crear | Villager (Male) |
| 11:42 | Construir | Palisade Wall |
| 12:00 | Construir | Palisade Gate |
| 12:02 | Construir | Palisade Wall |
| 12:03 | Crear | Villager (Male) |
| 12:09 | Construir | Farm |
| 12:17 | Construir | House |
| 12:18 | Crear | Archer |
| 12:29 | Construir | Farm |
| 12:30 | Crear | Villager (Male) |
| 12:41 | Construir | House |
| 12:47 | Crear | Villager (Male) |
| 12:59 | Crear | Archer |
| 13:01 | Construir | Farm |
| 13:10 | Construir | Farm |
| 13:12 | Crear | Villager (Male) |
| 13:34 | Crear | Villager (Male) |
| 13:43 | Crear | Villager (Male) |
| 13:53 | Construir | Farm |
| 14:01 | Crear | Villager (Male) |
| 14:07 | Construir | Blacksmith |
| 14:15 | Construir | Farm |
| 14:22 | Crear | Villager (Male) |
| 14:28 | Crear | Archer |
| 14:31 | Construir | Palisade Wall |
| 14:58 | Crear | Archer |
| 15:01 | Crear | Villager (Male) |
| 15:09 | Construir | House |
| 15:13 | Construir | House |
| 15:31 | Crear | Villager (Male) |
| 15:36 | Construir | Farm |
| 15:39 | Construir | Farm |
| 15:41 | Construir | Farm |
| 15:43 | Construir | Farm |
| 15:59 | Crear | Militia |
| 15:59 | Crear | Militia |
| 16:01 | Crear | Villager (Male) |
| 16:03 | Crear | Archer |
| 16:08 | Construir | House |
| 16:09 | Construir | House |
| 16:19 | Investigar | Fletching |
| 16:24 | Construir | Palisade Gate |
| 16:32 | Construir | Palisade Wall |
| 16:40 | Crear | Archer |
| 16:48 | Investigar | Man-at-Arms (upgrade) |
| 16:53 | Crear | Villager (Male) |
| 16:58 | Construir | Farm |
| 17:00 | Construir | Farm |
| 17:17 | Crear | Militia |
| 17:30 | Construir | Farm |
| 17:32 | Construir | Farm |
| 17:36 | Crear | Villager (Male) |
| 18:15 | Investigar | Castle Age |
| 18:15 | Investigar | Castle Age |
| 18:31 | Crear | Archer |
| 18:31 | Crear | Archer |
| 18:37 | Construir | Palisade Gate |
| 18:40 | Construir | Archery Range |
| 18:50 | Investigar | Gold Mining |
| 18:50 | Investigar | Gold Mining |
| 19:02 | Investigar | Padded Archer Armor |
| 19:51 | Edad | Edad de los Castillos |
| 19:56 | Investigar | Bodkin Arrow |
| 20:01 | Investigar | Crossbowman (upgrade) |
| 20:38 | Crear | Villager (Male) |
| 20:38 | Crear | Villager (Male) |
| 20:45 | Crear | Archer |
| 20:45 | Crear | Archer |
| 20:48 | Crear | Archer |
| 20:54 | Construir | Town Center |
| 21:02 | Crear | Archer |
| 21:04 | Investigar | Bow Saw |
| 21:05 | Investigar | Bow Saw |
| 21:06 | Crear | Villager (Male) |
| 21:08 | Construir | Farm |
| 21:15 | Crear | Villager (Male) |
| 21:28 | Crear | Archer |
| 21:29 | Crear | Archer |
| 21:39 | Crear | Archer |
| 21:49 | Construir | Monastery |
| 21:56 | Investigar | Wheelbarrow |
| 22:39 | Crear | Villager (Male) |
| 22:39 | Crear | Villager (Male) |
| 22:42 | Crear | Villager (Male) |
| 22:43 | Crear | Villager (Male) |
| 22:43 | Crear | Villager (Male) |
| 22:45 | Investigar | Heavy Plow |
| 22:46 | Investigar | Heavy Plow |
| 22:48 | Crear | Villager (Male) |
| 22:54 | Construir | Lumber Camp |
| 23:00 | Construir | Town Center |
| 23:03 | Construir | Lumber Camp |
| 23:07 | Crear | Archer |
| 23:08 | Crear | Archer |
Build order — 挨打不还手
Primeras 150 de 342 acciones detectadas
| 0:01 | Crear | Villager (Male) |
| 0:01 | Crear | Villager (Male) |
| 0:01 | Crear | Villager (Male) |
| 0:02 | Crear | Villager (Male) |
| 0:04 | Construir | House |
| 0:06 | Construir | House |
| 1:24 | Crear | Villager (Male) |
| 1:25 | Crear | Villager (Male) |
| 2:00 | Crear | Villager (Male) |
| 2:22 | Crear | Villager (Male) |
| 2:22 | Crear | Villager (Male) |
| 2:23 | Crear | Villager (Male) |
| 2:28 | Construir | Lumber Camp |
| 2:46 | Crear | Villager (Male) |
| 3:10 | Investigar | Double-Bit Axe |
| 3:10 | Investigar | Double-Bit Axe |
| 3:19 | Crear | Villager (Male) |
| 3:19 | Crear | Villager (Male) |
| 3:39 | Construir | House |
| 3:42 | Crear | Villager (Male) |
| 4:02 | Crear | Villager (Male) |
| 4:09 | Construir | House |
| 4:12 | Crear | Villager (Male) |
| 4:39 | Construir | Palisade Wall |
| 5:02 | Crear | Villager (Male) |
| 5:03 | Crear | Villager (Male) |
| 5:16 | Crear | Villager (Male) |
| 5:39 | Construir | Palisade Wall |
| 5:47 | Crear | Villager (Male) |
| 5:48 | Crear | Villager (Male) |
| 6:06 | Construir | Palisade Wall |
| 6:10 | Crear | Villager (Male) |
| 6:34 | Investigar | Loom |
| 7:04 | Crear | Villager (Male) |
| 7:08 | Construir | Mill |
| 7:29 | Crear | Villager (Male) |
| 8:09 | Investigar | Feudal Age |
| 8:09 | Investigar | Feudal Age |
| 8:18 | Construir | House |
| 8:45 | Construir | Barracks |
| 8:59 | Construir | House |
| 9:02 | Construir | Palisade Wall |
| 9:03 | Construir | Palisade Wall |
| 9:04 | Construir | Palisade Wall |
| 9:06 | Construir | Palisade Wall |
| 9:25 | Construir | Palisade Wall |
| 9:26 | Construir | Palisade Wall |
| 10:19 | Edad | Edad Feudal |
| 10:21 | Crear | Villager (Male) |
| 10:42 | Crear | Villager (Male) |
| 11:00 | Crear | Villager (Male) |
| 11:03 | Investigar | Horse Collar |
| 11:09 | Construir | Archery Range |
| 11:23 | Crear | Villager (Male) |
| 11:25 | Construir | House |
| 11:34 | Construir | Farm |
| 11:35 | Construir | Farm |
| 11:39 | Construir | Farm |
| 11:46 | Crear | Villager (Male) |
| 11:57 | Crear | Skirmisher |
| 12:01 | Construir | Mining Camp |
| 12:08 | Crear | Villager (Male) |
| 12:14 | Construir | House |
| 12:25 | Crear | Skirmisher |
| 12:32 | Construir | Farm |
| 12:37 | Construir | Farm |
| 12:44 | Crear | Skirmisher |
| 12:50 | Crear | Villager (Male) |
| 13:08 | Construir | House |
| 13:15 | Crear | Villager (Male) |
| 13:20 | Construir | Farm |
| 13:35 | Crear | Villager (Male) |
| 13:49 | Construir | Lumber Camp |
| 13:49 | Crear | Villager (Male) |
| 13:54 | Construir | Farm |
| 13:54 | Construir | Farm |
| 13:54 | Construir | Farm |
| 13:55 | Construir | Farm |
| 14:01 | Crear | Flemish Militia |
| 14:12 | Crear | Flemish Militia |
| 14:15 | Crear | Villager (Male) |
| 14:25 | Construir | Farm |
| 14:26 | Crear | Villager (Male) |
| 14:42 | Crear | Villager (Male) |
| 14:43 | Crear | Skirmisher |
| 15:00 | Crear | Villager (Male) |
| 15:03 | Crear | Flemish Militia |
| 15:09 | Construir | Blacksmith |
| 15:10 | Crear | Villager (Male) |
| 15:16 | Crear | Flemish Militia |
| 15:22 | Crear | Villager (Male) |
| 15:26 | Construir | Farm |
| 15:29 | Investigar | Bow Saw |
| 15:39 | Crear | Skirmisher |
| 15:42 | Crear | Villager (Male) |
| 15:47 | Construir | Palisade Gate |
| 15:53 | Investigar | Fletching |
| 15:53 | Investigar | Fletching |
| 15:56 | Construir | House |
| 16:04 | Construir | Mining Camp |
| 16:12 | Crear | Villager (Male) |
| 16:14 | Crear | Skirmisher |
| 16:29 | Construir | Farm |
| 16:38 | Construir | House |
| 16:39 | Construir | House |
| 16:40 | Construir | Palisade Wall |
| 16:54 | Crear | Villager (Male) |
| 17:46 | Crear | Villager (Male) |
| 17:51 | Construir | Farm |
| 17:55 | Construir | Farm |
| 17:57 | Construir | Farm |
| 18:18 | Crear | Villager (Male) |
| 18:19 | Crear | Skirmisher |
| 18:31 | Construir | House |
| 18:40 | Crear | Skirmisher |
| 18:44 | Construir | Farm |
| 18:54 | Construir | Market |
| 19:04 | Crear | Villager (Male) |
| 19:10 | Crear | Skirmisher |
| 19:50 | Construir | House |
| 20:01 | Crear | Skirmisher |
| 20:14 | Construir | House |
| 20:31 | Construir | Market |
| 20:41 | Investigar | Castle Age |
| 20:41 | Investigar | Castle Age |
| 20:52 | Construir | Lumber Camp |
| 21:20 | Construir | Archery Range |
| 21:39 | Construir | Stone Wall |
| 21:43 | Investigar | Padded Archer Armor |
| 21:43 | Investigar | Padded Archer Armor |
| 21:45 | Crear | Skirmisher |
| 21:45 | Crear | Skirmisher |
| 22:10 | Construir | Market |
| 22:38 | Crear | Skirmisher |
| 22:38 | Crear | Skirmisher |
| 22:45 | Investigar | Heavy Plow |
| 22:45 | Investigar | Heavy Plow |
| 22:59 | Construir | Watch Tower |
| 23:17 | Construir | Farm |
| 23:21 | Edad | Edad de los Castillos |
| 23:22 | Crear | Skirmisher |
| 23:25 | Investigar | Elite Skirmisher (upgrade) |
| 23:25 | Investigar | Elite Skirmisher (upgrade) |
| 23:27 | Investigar | Bodkin Arrow |
| 23:28 | Investigar | Bodkin Arrow |
| 23:29 | Crear | Villager (Male) |
| 23:36 | Construir | Town Center |
| 23:52 | Crear | Skirmisher |
| 23:53 | Crear | Skirmisher |
| 23:55 | Crear | Villager (Male) |
Cronología de la partida
| 4:39 | 挨打不还手 · wall_segment Palisade Wall x7 |
| 5:39 | 挨打不还手 · wall_segment Palisade Wall x20 |
| 6:06 | 挨打不还手 · wall_segment Palisade Wall x1 |
| 8:09 | Pandora_heart · wall_segment Palisade Wall x9 |
| 8:45 | 挨打不还手 · first_building Barracks |
| 8:57 | Pandora_heart · first_building Barracks |
| 9:02 | 挨打不还手 · wall_segment Palisade Wall x1 |
| 9:03 | 挨打不还手 · wall_segment Palisade Wall x1 |
| 9:04 | 挨打不还手 · wall_segment Palisade Wall x1 |
| 9:06 | 挨打不还手 · wall_segment Palisade Wall x11 |
| 9:15 | Pandora_heart · age_up feudal |
| 9:25 | 挨打不还手 · wall_segment Palisade Wall x15 |
| 9:26 | 挨打不还手 · wall_segment Palisade Wall x1 |
| 9:43 | Pandora_heart · first_building Archery Range |
| 10:19 | 挨打不还手 · age_up feudal |
| 11:02 | Pandora_heart · wall_segment Palisade Wall x17 |
| 11:09 | 挨打不还手 · first_building Archery Range |
| 11:42 | Pandora_heart · wall_segment Palisade Wall x21 |
| 12:02 | Pandora_heart · wall_segment Palisade Wall x3 |
| 14:31 | Pandora_heart · wall_segment Palisade Wall x1 |
| 16:32 | Pandora_heart · wall_segment Palisade Wall x1 |
| 16:40 | 挨打不还手 · wall_segment Palisade Wall x1 |
| 19:45 | 挨打不还手 · first_market_buy 100 food |
| 19:51 | Pandora_heart · age_up castle |
| 21:39 | 挨打不还手 · wall_segment Stone Wall x1 |
| 21:49 | Pandora_heart · first_building Monastery |
| 23:21 | 挨打不还手 · age_up castle |
| 25:01 | 挨打不还手 · first_building Castle |
| 25:34 | Pandora_heart · first_building Siege Workshop |
| 25:34 | 挨打不还手 · first_building Siege Workshop |
| 30:02 | Pandora_heart · first_building Castle |
| 30:13 | 挨打不还手 · first_market_sell 100 wood |
| 30:38 | 挨打不还手 · first_building Stable |
| 30:45 | Pandora_heart · age_up imperial |
| 36:37 | 挨打不还手 · age_up imperial |
| 40:47 | Pandora_heart · wall_segment Palisade Wall x1 |
| 40:59 | Pandora_heart · wall_segment Palisade Wall x1 |
| 42:49 | 挨打不还手 · resign |
[ ANÁLISIS IA · 1 CRÉDITO ]
¿Qué pasó realmente en esta partida?
Wolo.gg analiza cada decisión: build order, eco, micro, errores típicos por bracket. Análisis personalizado por WhatsApp o Discord en 30 segundos.
Guía civ
Malayos
Perfil
Pandora_heart